 Dungeon Crawl Stone Soup version 0.31-a0-233-g139696dc86 (webtiles) character file.

Game seed: 14443367124920603889

54 qw the Shooter (level 3, -5/29 HPs)
             Began as a Minotaur Hexslinger on July 8, 2023.
             Killed from afar by an orc wizard (7 damage)
             ... with a puff of flame
             ... on level 2 of the Dungeon.
             The game lasted 00:00:45 (1641 turns).

qw the Shooter (Minotaur Hexslinger)                Turns: 1641, Time: 00:00:46

Health: -5/29      AC:  6    Str: 12    XL:     3   Next: 66%
Magic:  3/3        EV: 16    Int: 10    God:
Gold:   54         SH:  0    Dex: 14    Spells: 3/4 levels left

rFire   . . .        Y - +1 sling
rCold   . . .        (no shield)
rNeg    . . .        j - +0 ring mail
rPois   .            (helmet restricted)
rElec   .            h - +0 cloak
rCorr   .            (no gloves)
SInv    .            (no boots)
Will    .....        (no amulet)
Stlth   +            b - +5 ring of evasion
HPRegen 0.24/turn    (no ring)
MPRegen 0.08/turn

%: no passive effects
@: no status effects
A: horns 2, retaliatory headbutt
a: no special abilities


You were on level 2 of the Dungeon.
You visited 1 branch of the dungeon, and saw 3 of its levels.

You collected 54 gold pieces.


Innate Abilities, Weirdness & Mutations

You have a pair of horns on your head.
You reflexively headbutt those who attack you in melee.


   Skills:
 - Level 2.0 Fighting
 + Level 4.0 Ranged Weapons
 - Level 1.0 Armour
 - Level 2.1 Dodging
 - Level 1.0 Spellcasting
 - Level 2.0 Hexes


You had 3 spell levels left.
You knew the following spells:

 Your Spells              Type           Power      Damage    Failure   Level
a - Slow                  Hex            16%        N/A       34%         1

Your spell library contained the following spells:

 Spells                   Type           Power      Damage    Failure   Level
 Inner Flame              Hex/Fire       2%         N/A       83%         3
 Portal Projectile        Hex/Tloc       4%         N/A       83%         3
 Cause Fear               Hex            2%         N/A       98%         4

Inventory:

Hand Weapons
 Y - a +1 sling (weapon)
Armour
 h - a +0 cloak (worn)
 j - a +0 ring mail (worn)
Jewellery
 b - a +5 ring of evasion (left hand)
Scrolls
 c - a scroll of identify
Potions
 a - a potion of cancellation
 d - a potion of might {unknown}
 e - a potion of magic {unknown}
 g - a potion of lignification {unknown}
 i - a potion of curing {unknown}

Dungeon Overview and Level Annotations

Branches:
Dungeon (3/15)

Altars:
Dithmenos
Fedhas

Annotations:
D:2 1 runed translucent door, Crazy Yiuf


Message History

Something hits you. Something hits you but does no damage.
You shoot a sling bullet. Something barely misses you.
You shoot a sling bullet.
You feel less confused.
You hear some strange, mumbled words.
You are confused.
Something hits you but does no damage.
You shoot a sling bullet. Something hits you but does no damage.
You shoot a sling bullet.
You hear some strange, mumbled words.
A puff of flame appears from out of thin air!
The puff of flame hits you but does no damage.
You shoot a sling bullet. Something hits you but does no damage.
You shoot a sling bullet.
You hear some strange, mumbled words.
Something tries to affect you, but you resist.
Something hits you but does no damage.
You shoot a sling bullet.
You feel less confused. Something hits you but does no damage.
You shoot a sling bullet. Something hits you.
You shoot a sling bullet. Something barely misses you.
You hear some strange, mumbled words.
A puff of flame appears from out of thin air!
The puff of flame hits you!
You shoot a sling bullet. Something hits you.
You shoot a sling bullet. Something hits you.
You shoot a sling bullet. Something closely misses you.
You hear some strange, mumbled words.
A puff of flame appears from out of thin air!
The puff of flame hits you!
You die...

......................#
.........#............#
#...######............#
.#..## #............#
..#..# #.(..........#
..##.# ####.#.......#
...#.#### #.#.......#
........#####...{##.###
.#.............#@##.#
.#.#...###........#.##
.......######..#.....#
..)###..##...........#
...##.............#.##
##......####..#####.#
### ##...........###
#.# #.#
#...###.###....# #.#
#.# .....##.####.#^#
#.# #.#


There were no monsters in sight!

Vanquished Creatures
  A worm (D:2)
  3 dart slugs
  2 orcs (D:3)
  5 endoplasms
  A giant cockroach (D:1)
  A goblin (D:2)
  2 hobgoblins (D:1)
  7 jackals (D:2)
  2 quokkas (D:1)
  7 ball pythons
  3 bats
  2 frilled lizards (D:2)
  2 kobolds (D:2)
  4 rats
42 creatures vanquished.

Notes
Turn   | Place    | Note
-------+----------+-------------------------------------------
     0 | D:1      | qw the Minotaur Hexslinger began the quest for the Orb.
     0 | D:1      | Reached XP level 1. HP: 16/16 MP: 1/1
     0 | D:1      | 0 ||| qw: Version: 0.3-a-46-gb1f654a
     0 | D:1      | 0 ||| qw: Game counter: 3479
     0 | D:1      | 0 ||| qw: Melee chars always use a shield: true
     0 | D:1      | 0 ||| qw: God list: Okawaru
     0 | D:1      | 0 ||| qw: Allow faded altars: false
     0 | D:1      | 0 ||| qw: Do Orc after clearing Dungeon:15 true
     0 | D:1      | 0 ||| qw: Do second Lair branch before Depths: true
     0 | D:1      | 0 ||| qw: Lair rune preference: random
     0 | D:1      | 0 ||| qw: Goals: Normal
     0 | D:1      | 0 ||| PLANNING D:1-11
   102 | D:1      | Reached skill level 3 in Ranged Weapons
   105 | D:1      | Reached XP level 2. HP: 23/23 MP: 2/2
   527 | D:1      | 527 ||| UPGRADING to +0 leather armour.
   537 | D:1      | 537 ||| DROPPING +0 robe.
   538 | D:1      | 538 ||| UPGRADING to +0 ring mail.
   548 | D:1      | 548 ||| DROPPING +0 leather armour.
   549 | D:1      | 549 ||| READING scroll labelled OGHOSI BASH.
   550 | D:1      | 550 ||| READING scroll labelled IGOM SARIPT.
   551 | D:1      | 551 ||| DROPPING scroll of poison.
   615 | D:2      | Reached XP level 3. HP: 29/29 MP: 3/3
   728 | D:2      | Found a faded altar of an unknown god.
   857 | D:2      | Found a shadowy altar of Dithmenos.
   969 | D:2      | Reached skill level 4 in Ranged Weapons
  1036 | D:2      | Found a runed translucent door.
  1037 | D:2      | Noticed Crazy Yiuf
  1184 | D:2      | 1184 ||| UPGRADING to +0 cloak.
  1189 | D:2      | 1189 ||| UPGRADING to +5 ring of evasion.
  1190 | D:2      | 1190 ||| READING scroll labelled VOUGRU ACZIT.
  1243 | D:2      | 1243 ||| DRINKING 2 viscous grey potions.
  1305 | D:3      | Found a blossoming altar of Fedhas.
  1324 | D:3      | 1324 ||| FLEEEEING.
  1325 | D:3      | 1325 ||| FLEEEEING.
  1326 | D:3      | 1326 ||| FLEEEEING.
  1327 | D:3      | 1327 ||| FLEEEEING.
  1328 | D:3      | 1328 ||| FLEEEEING.
  1329 | D:3      | 1329 ||| FLEEEEING.
  1330 | D:3      | 1330 ||| FLEEEEING.
  1331 | D:3      | 1331 ||| FLEEEEING.
  1332 | D:3      | 1332 ||| FLEEEEING.
  1333 | D:3      | 1333 ||| FLEEEEING.
  1334 | D:3      | 1334 ||| FLEEEEING.
  1335 | D:3      | 1335 ||| FLEEEEING.
  1336 | D:3      | 1336 ||| FLEEEEING.
  1337 | D:3      | 1337 ||| FLEEEEING.
  1338 | D:3      | 1338 ||| FLEEEEING.
  1339 | D:3      | 1339 ||| FLEEEEING.
  1340 | D:3      | 1340 ||| STAIRDANCE
  1472 | D:3      | 1472 ||| STAIRDANCE
  1480 | D:2      | Reached skill level 1 in Armour
  1605 | D:3      | 1605 ||| STAIRDANCE
  1619 | D:3      | 1619 ||| STAIRDANCE
  1621 | D:3      | 1621 ||| STAIRDANCE
  1639 | D:2      | HP: 6/29 [something (4)]
  1640 | D:2      | HP: 2/29 [something (4)]
  1641 | D:2      | Killed from afar by an orc wizard

Levels and vault maps discovered:
D:1:      tarquinn_simple_flora_water_e, layout_rooms, serial_forest,
          infiniplex_forest_straight_2, infiniplex_forest_lined_3_way,
          infiniplex_forest_lined_corner, infiniplex_forest_lined_room_3,
          infiniplex_forest_lined_room_, infiniplex_forest_lined_1,
          infiniplex_forest_corner_1
D:2:      layout_rooms, hellmonk_ecumenical_altar_run_dry, basic_altar,
          uniq_crazy_yiuf_cottage
D:3:      layout_basic, fedhas_ov_isle_minmay, tgw_sif, serial_shops,
          shop_statue

Skill      XL: |  1  2  3 |
---------------+----------+-----
Ranged Weapons | 3 4 |  4.0
Fighting       | 2 |  2.0
Armour         | 1 |  1.0
Dodging        | |  2.1
Spellcasting   | |  1.0
Hexes          | |  2.0

Action                     || total
---------------------------++-------
   Fire: Sling             ||   163
    Use: Scroll            ||     3
         Potion            ||     1
 Armour: Robe              ||     4
         Ring mail         ||    28
  Dodge: Dodged            ||    66

Table legend:
 A = Non-vault XP
 B = Vault XP
 C = Vault XP percentage of total XP
 D = Non-vault monster count
 E = Vault monster count
 F = Vault count percentage of total count
                 A         B        C        D         E       F
            +---------+---------+-------+---------+---------+-------
      Total |      78 |       0 |   0.0 |      42 |       0 |   0.0
            +---------+---------+-------+---------+---------+-------
        D:1 |      28 |       0 |   0.0 |      16 |       0 |   0.0
        D:2 |      42 |       0 |   0.0 |      23 |       0 |   0.0
        D:3 |       8 |       0 |   0.0 |       3 |       0 |   0.0
            +---------+---------+-------+---------+---------+-------
